| TOP OF THE 1ST |
|
San Jose Volcanoes batting - Pitching for Colon Scallywags : RHP Dave J Schmidt
|
|
Pitching: RHP Dave J Schmidt
|
|
|
Batting: RHB Jay Schellin
|
0-0: Called Strike 0-1: Called Strike 0-2: Foul Ball, location: 2F 0-2: Ground out 6-3 (Groundball, 6, EV 83.1 MPH)
|
|
Batting: RHB Anthony Laurenzi
|
0-0: Ball 1-0: Ball 2-0: Ball 3-0: Called Strike 3-1: Called Strike 3-2: Foul Ball, location: 2F 3-2: Foul Ball, location: 2F 3-2: Strikes out swinging
|
|
Batting: LHB Mike LaValliere
|
0-0: Ball 1-0: Foul Ball, location: 2F 1-1: SINGLE (Groundball, 3D, EV 101.9 MPH)
|
|
Batting: LHB Pete M O'Brien
|
0-0: Foul Ball, location: 2F 0-1: Ground out 4-3 (Groundball, 4MD, EV 99.4 MPH)
|
| Top of the 1st over - 0 runs, 1 hit, 0 errors, 1 left on base; San Jose 0 - Colon 0 |
| BOTTOM OF THE 1ST |
|
Colon Scallywags batting - Pitching for San Jose Volcanoes : LHP Joe W Price
|
|
Pitching: LHP Joe W Price
|
|
|
Batting: RHB Phil Bradley
|
0-0: Called Strike 0-1: Ball 1-1: Ball 2-1: Swinging Strike 2-2: Foul Ball, location: 2F 2-2: DOUBLE (Line Drive, 3D, EV 96.9 MPH)
|
|
Batting: RHB Marty G Barrett
|
0-0: Ball 1-0: Ball 2-0: Ball 3-0: Base on Balls
|
|
Batting: RHB Gerry Davis
|
0-0: Called Strike 0-1: Foul Ball, location: 2F 0-2: Foul Ball, location: 2F 0-2: Ball 1-2: Ball 2-2: Foul Ball, location: 2F 2-2: Ball 3-2: Base on Balls Phil Bradley to third Marty G Barrett to second
|
|
Batting: RHB Joe Carter
|
0-0: Called Strike 0-1: Ball Wild Pitch! Phil Bradley scores Marty G Barrett to third Gerry Davis to second 1-1: Ball 2-1: Ball 3-1: Called Strike 3-2: Foul Ball, location: 2F 3-2: Base on Balls
|
|
Batting: SHB Jordan Ayala
|
0-0: Called Strike 0-1: Ball 1-1: Foul Ball, location: 2F 1-2: Ball 2-2: Strikes out swinging
|
|
Batting: SHB Johnny Ray
|
0-0: Fly out, F7 (Flyball, 7, EV 83.8 MPH) Runner from 3rd tags up, SCORES, throw by LF
|
|
Batting: LHB Sid Bream
|
0-0: Foul Ball, location: 2F 0-1: Swinging Strike 0-2: Strikes out swinging
|
| Bottom of the 1st over - 2 runs, 1 hit, 0 errors, 2 left on base; San Jose 0 - Colon 2 |
| TOP OF THE 2ND |
|
San Jose Volcanoes batting - Pitching for Colon Scallywags : RHP Dave J Schmidt
|
|
Batting: RHB Jeff Spisok
|
0-0: Fly out, F4 (Flyball, 4D, EV 81.9 MPH)
|
|
Batting: RHB Tony Evans
|
0-0: DOUBLE (Line Drive, 9LM, EV 96.9 MPH)
|
|
Batting: RHB Brian David
|
0-0: Swinging Strike 0-1: Ball 1-1: Ball 2-1: Called Strike 2-2: Ground out 6-3 (Groundball, 6MS, EV 86.3 MPH) Tony Evans to third
|
|
Batting: RHB David Hoyt
|
0-0: Called Strike 0-1: Ball 1-1: SINGLE (Groundball, 3D, EV 95.6 MPH) Tony Evans scores
|
|
Batting: RHB Henry Powell
|
0-0: Called Strike David Hoyt steals 2nd base 0-1: Foul Ball, location: 2F 0-2: Foul Ball, location: 2F 0-2: Strikes out looking
|
| Top of the 2nd over - 1 run, 2 hits, 0 errors, 1 left on base; San Jose 1 - Colon 2 |
| BOTTOM OF THE 2ND |
|
Colon Scallywags batting - Pitching for San Jose Volcanoes : LHP Joe W Price
|
|
Batting: RHB Edwin Agudelo
|
0-0: Called Strike 0-1: Foul Ball, location: 2F 0-2: Strikes out swinging
|
|
Batting: RHB Alejandro Luna
|
0-0: Ball 1-0: Fly out, F4 (Line Drive, 4, EV 65.6 MPH)
|
|
Batting: RHB Phil Bradley
|
0-0: Called Strike 0-1: Called Strike 0-2: Foul Ball, location: 2F 0-2: Ball 1-2: Ball 2-2: Ball 3-2: Fly out, F9 (Flyball, 9S, EV 93.1 MPH)
|
| Bottom of the 2nd over - 0 runs, 0 hits, 0 errors, 0 left on base; San Jose 1 - Colon 2 |
| TOP OF THE 3RD |
|
San Jose Volcanoes batting - Pitching for Colon Scallywags : RHP Dave J Schmidt
|
|
Batting: RHB Jay Schellin
|
0-0: Ball 1-0: Foul Ball, location: 2F 1-1: Ball 2-1: Called Strike 2-2: Foul Ball, location: 2F 2-2: Strikes out swinging
|
|
Batting: RHB Anthony Laurenzi
|
0-0: Ball 1-0: Ball 2-0: Ground out 4-3 (Groundball, 13, EV 91.3 MPH)
|
|
Batting: LHB Mike LaValliere
|
0-0: Ball 1-0: Swinging Strike 1-1: Fly out, F7 (Line Drive, 7, EV 95.6 MPH)
|
| Top of the 3rd over - 0 runs, 0 hits, 0 errors, 0 left on base; San Jose 1 - Colon 2 |
| BOTTOM OF THE 3RD |
|
Colon Scallywags batting - Pitching for San Jose Volcanoes : LHP Joe W Price
|
|
Batting: RHB Marty G Barrett
|
0-0: Called Strike 0-1: Foul Ball, location: 2F 0-2: Ball 1-2: Ball 2-2: Ball 3-2: Ground out 6-3 (Groundball, 6, EV 83.1 MPH)
|
|
Batting: RHB Gerry Davis
|
0-0: Ground out 5-3 (Groundball, 5, EV 83.1 MPH)
|
|
Batting: RHB Joe Carter
|
0-0: Ball 1-0: Swinging Strike 1-1: Ball 2-1: Ball 3-1: Fly out, F8 (Flyball, 8RD, EV 80.6 MPH)
|
| Bottom of the 3rd over - 0 runs, 0 hits, 0 errors, 0 left on base; San Jose 1 - Colon 2 |
| TOP OF THE 4TH |
|
San Jose Volcanoes batting - Pitching for Colon Scallywags : RHP Dave J Schmidt
|
|
Batting: LHB Pete M O'Brien
|
0-0: Fly out, F8 (Flyball, 8RXD, EV 110.0 MPH)
|
|
Batting: RHB Jeff Spisok
|
0-0: Swinging Strike 0-1: Foul Ball, location: 2F 0-2: Ball 1-2: Strikes out swinging
|
|
Batting: RHB Tony Evans
|
0-0: Ground out 2-3 (Groundball, 2L, EV 68.8 MPH)
|
| Top of the 4th over - 0 runs, 0 hits, 0 errors, 0 left on base; San Jose 1 - Colon 2 |
| BOTTOM OF THE 4TH |
|
Colon Scallywags batting - Pitching for San Jose Volcanoes : LHP Joe W Price
|
|
Batting: SHB Jordan Ayala
|
0-0: Ball 1-0: Ball 2-0: Called Strike 2-1: Foul Ball, location: 2F 2-2: Foul Ball, location: 2F 2-2: Ball 3-2: Fly out, F4 (Popup, 4, EV 71.9 MPH)
|
|
Batting: SHB Johnny Ray
|
0-0: Fly out, F8 (Flyball, 8LXD, EV 100.6 MPH)
|
|
Batting: LHB Sid Bream
|
0-0: Ball 1-0: Ball 2-0: Ball 3-0: Base on Balls
|
|
Batting: RHB Edwin Agudelo
|
0-0: Foul Ball, location: 2F 0-1: Ball 1-1: Ball 2-1: Ground out U3 (Groundball, 3S, EV 82.5 MPH)
|
| Bottom of the 4th over - 0 runs, 0 hits, 0 errors, 1 left on base; San Jose 1 - Colon 2 |
| TOP OF THE 5TH |
|
San Jose Volcanoes batting - Pitching for Colon Scallywags : RHP Dave J Schmidt
|
|
Batting: RHB Brian David
|
0-0: Ground out 5-3 (Groundball, 56S, EV 89.4 MPH)
|
|
Batting: RHB David Hoyt
|
0-0: Called Strike 0-1: Swinging Strike 0-2: Strikes out swinging
|
|
Batting: RHB Henry Powell
|
0-0: Ball 1-0: Called Strike 1-1: Ball 2-1: Ball 3-1: Base on Balls
|
|
Batting: RHB Jay Schellin
|
0-0: Ball 1-0: Called Strike 1-1: Foul Ball, location: 2F 1-2: Foul Ball, location: 2F 1-2: Ball 2-2: Ball 3-2: Ground out 4-3 (Groundball, 4, EV 96.9 MPH)
|
| Top of the 5th over - 0 runs, 0 hits, 0 errors, 1 left on base; San Jose 1 - Colon 2 |
| BOTTOM OF THE 5TH |
|
Colon Scallywags batting - Pitching for San Jose Volcanoes : LHP Joe W Price
|
|
Batting: RHB Alejandro Luna
|
0-0: Reached on error, E4 (Groundball, 4, EV 83.8 MPH)
|
|
Batting: RHB Phil Bradley
|
0-0: Ball Alejandro Luna steals 2nd base 1-0: Foul Ball, location: 2F 1-1: Called Strike 1-2: Foul Ball, location: 2F 1-2: Strikes out swinging
|
|
Batting: RHB Marty G Barrett
|
0-0: Called Strike 0-1: Ball 1-1: DOUBLE (Line Drive, 78D, EV 108.8 MPH) Alejandro Luna scores
|
|
Batting: RHB Gerry Davis
|
0-0: Called Strike 0-1: Foul Ball, location: 2F 0-2: Ball 1-2: SINGLE (Line Drive, 3D, EV 93.8 MPH) Marty G Barrett to third Runner from 3rd tries for Home, SAFE, throw by RF to home
|
|
Batting: RHB Joe Carter
|
0-0: Ball 1-0: Fly out, F8 (Flyball, 8RM, EV 82.5 MPH)
|
|
Batting: SHB Jordan Ayala
|
0-0: Called Strike 0-1: Foul Ball, location: 2F 0-2: TRIPLE (Flyball, 89XD, EV 106.9 MPH) Gerry Davis scores
|
|
Pitching: RHP Mark Platel
|
|
|
Batting: SHB Johnny Ray
|
0-0: Called Strike 0-1: Swinging Strike 0-2: Fly out, F7 (Flyball, 7S, EV 87.5 MPH)
|
| Bottom of the 5th over - 3 runs, 3 hits, 1 error, 1 left on base; San Jose 1 - Colon 5 |
| TOP OF THE 6TH |
|
San Jose Volcanoes batting - Pitching for Colon Scallywags : RHP Dave J Schmidt
|
|
Batting: RHB Anthony Laurenzi
|
0-0: Ball 1-0: Foul Ball, location: 2F 1-1: Swinging Strike 1-2: Strikes out swinging
|
|
Batting: LHB Mike LaValliere
|
0-0: Ball 1-0: Ball 2-0: Ball 3-0: Base on Balls
|
|
Batting: LHB Pete M O'Brien
|
0-0: Ball Mike LaValliere steals 2nd base 1-0: Ground out 4-3 (Groundball, 4S, EV 76.9 MPH) Mike LaValliere to third
|
|
Batting: RHB Jeff Spisok
|
0-0: Foul Ball, location: 2F 0-1: Ground out U3 (Groundball, 34, EV 86.3 MPH)
|
| Top of the 6th over - 0 runs, 0 hits, 0 errors, 1 left on base; San Jose 1 - Colon 5 |
| BOTTOM OF THE 6TH |
|
Colon Scallywags batting - Pitching for San Jose Volcanoes : RHP Mark Platel
|
|
Batting: LHB Sid Bream
|
0-0: Called Strike 0-1: SINGLE (Flyball, 8LS, EV 93.1 MPH)
|
|
Batting: RHB Edwin Agudelo
|
0-0: Foul Ball, location: 2F 0-1: Swinging Strike 0-2: Strikes out swinging
|
|
Batting: RHB Alejandro Luna
|
0-0: Fielders Choice at 2nd, 6-4 (Groundball, 6, EV 86.3 MPH)
|
|
Batting: RHB Phil Bradley
|
0-0: Ball 1-0: Called Strike 1-1: Foul Ball, location: 2F 1-2: Ball Alejandro Luna steals 2nd base 2-2: Foul Ball, location: 2F 2-2: Ball 3-2: Base on Balls
|
|
Batting: RHB Marty G Barrett
|
0-0: Ball 1-0: Fly out, F9 (Flyball, 89D, EV 85.6 MPH)
|
| Bottom of the 6th over - 0 runs, 1 hit, 0 errors, 2 left on base; San Jose 1 - Colon 5 |
| TOP OF THE 7TH |
|
San Jose Volcanoes batting - Pitching for Colon Scallywags : RHP Dave J Schmidt
|
|
Batting: RHB Tony Evans
|
0-0: Ball 1-0: Ball 2-0: Called Strike 2-1: Called Strike 2-2: SINGLE (Line Drive, 8RS, EV 107.5 MPH)
|
|
Batting: RHB Brian David
|
0-0: Called Strike 0-1: Swinging Strike 0-2: Ball 1-2: Ball 2-2: SINGLE (Line Drive, 89S, EV 109.4 MPH) Tony Evans to second
|
|
Batting: RHB David Hoyt
|
0-0: Ball 1-0: Fly out, F7 (Flyball, 7, EV 91.3 MPH)
|
|
Batting: RHB Henry Powell
|
0-0: Ball 1-0: Ball 2-0: Ball 3-0: Base on Balls Tony Evans to third Brian David to second
|
|
Batting: RHB Jay Schellin
|
0-0: Called Strike 0-1: Grounds into double play, 6-4-3 (Groundball, 6, EV 103.1 MPH)
|
| Top of the 7th over - 0 runs, 2 hits, 0 errors, 2 left on base; San Jose 1 - Colon 5 |
| BOTTOM OF THE 7TH |
|
Colon Scallywags batting - Pitching for San Jose Volcanoes : RHP Mark Platel
|
|
Batting: RHB Gerry Davis
|
0-0: Fly out, F9 (Flyball, 9, EV 90.0 MPH)
|
|
Batting: RHB Joe Carter
|
0-0: Fly out, F5 (Popup, 15, EV 83.8 MPH)
|
|
Batting: SHB Jordan Ayala
|
0-0: Foul Ball, location: 2F 0-1: Called Strike 0-2: Ball 1-2: Foul Ball, location: 2F 1-2: Ball 2-2: Foul Ball, location: 2F 2-2: Foul Ball, location: 2F 2-2: Ball 3-2: Foul Ball, location: 2F 3-2: Ground out 6-3 (Groundball, 6, EV 80.6 MPH)
|
| Bottom of the 7th over - 0 runs, 0 hits, 0 errors, 0 left on base; San Jose 1 - Colon 5 |
| TOP OF THE 8TH |
|
San Jose Volcanoes batting - Pitching for Colon Scallywags : RHP Dave J Schmidt
|
|
Batting: RHB Anthony Laurenzi
|
0-0: Ball 1-0: Called Strike 1-1: Called Strike 1-2: Ground out 5-3 (Groundball, 5, EV 88.8 MPH)
|
|
Batting: LHB Mike LaValliere
|
0-0: Called Strike 0-1: Ground out 4-3 (Groundball, 4, EV 105.6 MPH)
|
|
Batting: LHB Pete M O'Brien
|
0-0: Fly out, F8 (Flyball, 78D, EV 98.1 MPH)
|
| Top of the 8th over - 0 runs, 0 hits, 0 errors, 0 left on base; San Jose 1 - Colon 5 |
| BOTTOM OF THE 8TH |
|
Colon Scallywags batting - Pitching for San Jose Volcanoes : RHP Mark Platel
|
|
Batting: SHB Johnny Ray
|
0-0: Reached on error, E4 (Groundball, 13, EV 83.1 MPH)
|
|
Batting: LHB Sid Bream
|
0-0: Ball 1-0: Foul Ball, location: 2F 1-1: Ball 2-1: Ball 3-1: Base on Balls
|
|
Batting: RHB Edwin Agudelo
|
0-0: Called Strike 0-1: Ball 1-1: Sac Bunt to 3S - play at first, batter OUT! 3-4 Johnny Ray to third Sid Bream to second
|
|
Batting: RHB Alejandro Luna
|
0-0: Foul Ball, location: 2F 0-1: Ball 1-1: Ball 2-1: Ball 3-1: Called Strike 3-2: Strikes out swinging
|
|
Batting: RHB Phil Bradley
|
0-0: Foul Ball, location: 2F 0-1: Ground out 5-3 (Groundball, 56, EV 103.8 MPH)
|
| Bottom of the 8th over - 0 runs, 0 hits, 1 error, 2 left on base; San Jose 1 - Colon 5 |
| TOP OF THE 9TH |
|
San Jose Volcanoes batting - Pitching for Colon Scallywags : RHP Dave J Schmidt
|
|
Batting: RHB Jeff Spisok
|
0-0: Ball 1-0: Ground out 6-3 (Groundball, 6, EV 100.0 MPH)
|
|
Batting: RHB Tony Evans
|
0-0: Ball 1-0: Ball 2-0: Called Strike 2-1: Ball 3-1: Swinging Strike 3-2: Foul Ball, location: 2F 3-2: Fly out, F6 (Line Drive, 6, EV 70.6 MPH)
|
|
Batting: RHB Brian David
|
0-0: Foul Ball, location: 2F 0-1: Ball 1-1: Foul Ball, location: 2F 1-2: Ball 2-2: Ground out 5-3 (Groundball, 5, EV 83.8 MPH)
|
| Top of the 9th over - 0 runs, 0 hits, 0 errors, 0 left on base; San Jose 1 - Colon 5 |
|